 Dungeon Crawl Stone Soup version 0.27-a0-333-gfa571bf19a (webtiles) character file.

Game seed: 2175196688384936986

84 ReteAZ the Covered (level 4, -6/35 HPs)
             Began as a Human Fighter on Feb 12, 2021.
             Mangled by an ogre
             ... wielding a +0 giant club
              (22 damage)
             ... on level 4 of the Dungeon.
             The game lasted 00:03:03 (2452 turns).

ReteAZ the Covered (Human Fighter)                  Turns: 2452, Time: 00:03:03

Health: -6/35      AC: 11    Str: 18    XL:     4   Next: 74%
Magic:  4/4        EV:  4    Int:  8    God:
Gold:   45         SH:  9    Dex: 12    Spells: 3/3 levels left

rFire    . . .     SeeInvis .   a - +0 long sword
rCold    . . .     Faith    .   c - +0 kite shield
rNeg     . . .     Spirit   .   n - +0 chain mail
rPois    .         Reflect  .   (no helmet)
rElec    .         Harm     .   (no cloak)
rCorr    .         Rampage  .   k - +0 pair of gloves
Will     .....                  f - +0 pair of boots
Stlth    ..........             (no amulet)
HPRegen  0.11/turn              (no ring)
MPRegen  0.09/turn              (no ring)

@: no status effects
A: no striking features
a: no special abilities


You were on level 4 of the Dungeon.
You visited 1 branch of the dungeon, and saw 4 of its levels.

You collected 45 gold pieces.

Inventory:

Hand Weapons
 a - a +0 long sword (weapon)
Armour
 b - a +0 scale mail
 c - a +0 kite shield (worn)
 f - a +0 pair of boots (worn)
 k - a +0 pair of gloves (worn)
 n - a +0 chain mail (worn)
Jewellery
 l - a +6 ring of intelligence {unknown}
Wands
 j - a wand of acid (11)
Scrolls
 e - a scroll of magic mapping {unknown}
 g - a scroll of identify {unknown}
 h - a scroll of immolation {unknown}
 m - a scroll of enchant weapon {unknown}
 o - 3 scrolls of random uselessness {unknown}
Potions
 d - a potion of might
 i - 2 potions of heal wounds {unknown}
 p - 2 potions of cancellation {unknown}
 q - a potion of brilliance {unknown}


   Skills:
 + Level 3.4 Fighting
 * Level 3.2 Long Blades
 + Level 3.5 Armour
 + Level 3.5 Shields


You had 3 spell levels left.
You didn't know any spells.
Your spell library was empty.

Dungeon Overview and Level Annotations

Branches:
Dungeon (3/15)

Altars:
Nemelex Xobeh
Qazlal
Uskayaw
Vehumet


Message History

The hound bites you but does no damage. The hound bites you but does no damage.
You block the hound's attack. The hound bites you but does no damage.
The hound bites you. The hound barely misses you.
A hound comes into view.
The hound barks!
The hound stops to sniff the ground.
The hound completely misses you. The hound bites you.
The hound pauses to sniff the ground.
The hound barely misses you.
Found 26 bolts.
The hound completely misses you.
You riposte.
You slash the hound!
The hound is almost dead.
You block the hound's attack. The hound bites you but does no damage.
The hound bites you. The hound barely misses you.
You riposte.
You closely miss the hound.
The hound is almost dead.
The hound bites you but does no damage. You block the hound's attack.
The hound bites you but does no damage. The hound bites you but does no damage.
The hound bites you but does no damage. The hound bites you.
The hound bites you but does no damage. The hound bites you but does no damage.
You block the leopard gecko's attack.
The leopard gecko bites you but does no damage.
The hound bites you but does no damage. The leopard gecko barely misses you.
You block the hound's attack.
The leopard gecko bites you but does no damage.
You block the hound's attack. The ogre hits you with a +0 giant club!
You closely miss the hound.
The hound is almost dead.
The hound bites you but does no damage. The hound bites you.
The hound bites you but does no damage. You block the hound's attack.
The ogre hits you with a +0 giant club!!
Ouch! That really hurt!
You die...

########
##......##
###........##
##...........#
###.............
#.l.............
##hh............
#@O............
##Z.......(....
#............#
#...........##
....##......##
...####.....##
.######.....#
##...##....#
##..........#


You could see an ogre, 2 hounds, a leopard gecko and a jackal skeleton.

Vanquished Creatures
  2 adders (D:2)
  2 dart slugs (D:1)
  3 orcs
  3 giant cockroaches (D:1)
  3 goblins
  7 hobgoblins
  7 jackals
  7 kobolds
  2 quokkas (D:2)
  3 ball pythons (D:1)
  6 bats
  2 frilled lizards
  A quokka skeleton (D:4)
  10 rats
58 creatures vanquished.

Notes
Turn   | Place    | Note
-------+----------+-------------------------------------------
     0 | D:1      | ReteAZ the Human Fighter began the quest for the Orb.
     0 | D:1      | Reached XP level 1. HP: 18/18 MP: 1/1
   260 | D:1      | Reached XP level 2. HP: 20/24 MP: 2/2
   738 | D:1      | Reached XP level 3. HP: 29/29 MP: 3/3
  1406 | D:2      | Found a radiant altar of Vehumet.
  1432 | D:2      | Reached XP level 4. HP: 31/35 MP: 4/4
  1750 | D:2      | Found a sparkling altar of Nemelex Xobeh.
  2002 | D:2      | Found a hide-covered altar of Uskayaw.
  2370 | D:3      | You fall into a shaft and drop 1 floor!
  2371 | D:4      | Noticed an ogre
  2401 | D:4      | Found a stormy altar of Qazlal.
  2452 | D:4      | Mangled by an ogre

Illustrated notes

Levels and vault maps discovered:
D:1:      dpeg_arrival_water_temple_mockup, layout_loops_ring,
          minmay_tetromino_l2
D:2:      layout_basic, vehumet_crystals, general_overflow_altar,
          eat_drink_and_be_merry_uskayaw
D:3:      layout_rooms
D:4:      layout_cave_pods, kennysheep_mini_moat,
          nicolae_overflow_crystal_walls, tso_metal_star

Skill      XL: |  1  2  3  4 |
---------------+-------------+-----
Long Blades    | 3 |  3.2
Fighting       | |  3.4
Armour         | |  3.5
Shields        | |  3.5

Action                   |  1- 3 |  4- 6 || total
-------------------------+-------+-------++-------
Melee: Long sword        |   139 |    46 ||   185
Armor: Scale mail        |    78 |     3 ||    81
       Chain mail        |       |    72 ||    72
Dodge: Dodged            |    54 |    23 ||    77
Block: Kite shield       |    91 |    39 ||   130
       Rpst.: Long sword |    14 |    11 ||    25

Table legend: (Time is in decaauts)
 A = Elapsed time spent in this place.
 B = Non-inter-level travel time spent in this place.
 C = Inter-level travel time spent in this place.
 D = Time resting spent in this place.
 E = Time spent auto-exploring this place.
 F = Levels seen in this place.
 G = Mean time per level.
                   A        B        C        D        E       F      G
               +--------+--------+--------+--------+--------+-----+--------+
         Total |   2545 |   2459 |     86 |      6 |   1743 |   4 |  636.2 |
       Dungeon |   2545 |   2459 |     86 |      6 |   1743 |   4 |  636.2 |
               +--------+--------+--------+--------+--------+-----+--------+

Top non-repeatable levels by time:
     D:1: 1404 daAuts
     D:2: 1021 daAuts
     D:4: 82 daAuts
     D:3: 37 daAuts
